 Dungeon Crawl Stone Soup version 0.28.0 (webtiles) character file.

Game seed: 10831579323018712674

562 issech the Cudgeller (level 7, -1/68 HPs)
             Began as a Troll Monk on Feb 13, 2022.
             Slain by a black bear (11 damage)
             ... on level 5 of the Dungeon.
             The game lasted 00:17:13 (4083 turns).

issech the Cudgeller (Troll Monk)                   Turns: 4083, Time: 00:17:13

Health: -1/68      AC:  4    Str: 20    XL:     7   Next: 10%
Magic:  7/7        EV: 11    Int:  6    God:
Gold:   98         SH:  0    Dex: 14    Spells: 8/8 levels left

rFire   . . .      SeeInvis .   a - +0 mace
rCold   + . .      Faith    .   (no shield)
rNeg    . . .      Spirit   .   b - +0 robe
rPois   .          Reflect  .   (helmet restricted)
rElec   .          Harm     .   (no cloak)
rCorr   .          Rampage  .   (gloves unavailable)
Will    +....                   (boots unavailable)
Stlth   ++........              (no amulet)
HPRegen 1.01/turn               q - ring of protection from cold
MPRegen 0.10/turn               l - ring of willpower

@: no status effects
A: large, unfitting armour, claws 3, regeneration 1, shaggy fur 1, tough skin 1
a: no special abilities


You were on level 5 of the Dungeon.
You visited 1 branch of the dungeon, and saw 5 of its levels.

You collected 176 gold pieces.
You spent 78 gold pieces at shops.

Inventory:

Hand Weapons
 a - a +0 mace (weapon)
 u - a +0 giant club
Missiles
 f - 6 javelins
 g - 61 stones
 m - 6 poisoned darts
 p - 9 sling bullets
 s - 4 large rocks (quivered)
 v - 19 arrows
 B - a boomerang
Armour
 b - a +0 robe (worn)
Jewellery
 k - a ring of positive energy
 l - a ring of willpower (right claw)
 q - a ring of protection from cold (left claw)
Wands
 z - a wand of digging (5)
Scrolls
 c - a scroll of enchant weapon
 d - a scroll of amnesia
 e - a scroll of immolation
 j - a scroll of holy word
 n - 3 scrolls of teleportation
 o - 2 scrolls of magic mapping
 t - a scroll of noise
 x - a scroll of fear
 y - a scroll of vulnerability {unknown}
Potions
 h - 2 potions of mutation {unknown}
 i - 2 potions of attraction {unknown}
 r - a potion of magic {unknown}
 w - a potion of curing {unknown}
 A - a potion of haste {unknown}


   Skills:
 + Level 3.8 Fighting
 + Level 1.1(1.4) Short Blades
 + Level 1.3(1.6) Long Blades
 + Level 1.1(3.2) Axes
 + Level 4.7(4.9) Maces & Flails
 + Level 1.9(2.3) Polearms
 + Level 1.1(3.2) Staves
 + Level 0.8(1.1) Slings
 + Level 1.4 Bows
 + Level 0.8 Crossbows
 + Level 1.2(1.5) Throwing
 + Level 1.1 Armour
 + Level 3.6 Dodging
 + Level 1.6 Stealth
 + Level 1.1 Shields
 + Level 1.3 Unarmed Combat
 + Level 1.1 Spellcasting
 + Level 1.0 Conjurations
 + Level 0.8 Hexes
 + Level 1.0 Summonings
 + Level 1.1 Necromancy
 + Level 1.0 Translocations
 + Level 1.0 Transmutations
 + Level 1.0 Fire Magic
 + Level 1.0 Ice Magic
 + Level 0.8 Air Magic
 + Level 1.2 Earth Magic
 + Level 1.2 Poison Magic
 + Level 1.2 Invocations
 + Level 1.0 Evocations


You had 8 spell levels left.
You didn't know any spells.
Your spell library contained the following spells:

 Spells                   Type           Power      Damage    Failure   Level
 Animate Skeleton         Necr           2%         N/A       28%         1
 Apportation              Tloc           2%         N/A       30%         1
 Summon Small Mammal      Summ           4%         N/A       30%         1
 Freezing Cloud           Conj/Ice/Air   0%         6-21      100%        5
 Simulacrum               Ice/Necr       0%         N/A       100%        6
 Polar Vortex             Ice            0%         N/A       100%        9


Dungeon Overview and Level Annotations

Branches:
Dungeon (5/15)
 Temple: D:4-7

Altars:
Elyvilon
Nemelex Xobeh
Sif Muna
Vehumet

Shops:
D:2 !   D:4 ?:(


Innate Abilities, Weirdness & Mutations

You are too large for most types of armour.
You have claws for hands.
Your natural rate of healing is unusually fast.
You are covered in fur. (AC +1)
You have tough skin. (AC +1)


Message History

The black bear barely misses you.
The black bear bites you but does no damage.
The black bear claws you but does no damage. x2
You barely miss the black bear.
The black bear is almost dead.
The black bear bites you. The black bear barely misses you.
The black bear closely misses you.
You closely miss the black bear.
The black bear is almost dead.
The black bear bites you but does no damage.
The black bear claws you but does no damage.
The black bear claws you. The black bear closely misses you.
The black bear barely misses you. The black bear closely misses you.
You hit the black bear.
The black bear is almost dead.
The black bear barely misses you. The black bear claws you.
The black bear claws you but does no damage.
The black bear bites you!
* * * LOW HITPOINT WARNING * * *
The black bear claws you.
* * * LOW HITPOINT WARNING * * *
The black bear claws you.
* * * LOW HITPOINT WARNING * * *
You hit the black bear.
The black bear is almost dead.
The black bear completely misses you. The black bear claws you.
* * * LOW HITPOINT WARNING * * *
The black bear claws you but does no damage.
The black bear rages.
The black bear bites you.
* * * LOW HITPOINT WARNING * * *
The black bear closely misses you. The black bear claws you.
* * * LOW HITPOINT WARNING * * *
The black bear rages.
The black bear closely misses you. x2
The black bear claws you but does no damage.
The black bear misses you. The black bear closely misses you.
The black bear barely misses you. The black bear bites you!
You die...

#.# #.# #.# #.# #.# #.# #.#
#.# ######.####.####### ##
#...>.............. ..
#.##.#.##.#)#########..
#######.##.#.##.#............
#..........h@................
#.#####.##.#..#...........#.#
#.......########.......
####.##................
#...................
#..#########........ #..##
#.^......
#...#############...
......#..................


You could see a black bear (berserk).

Vanquished Creatures
  A black bear (D:2)
  An ogre (D:4)
  A centaur zombie (D:3)
  A jelly (D:5)
  2 hounds
  An iguana (D:4)
  A scorpion zombie (D:5)
  A howler monkey zombie (D:5)
  4 adders
  A shadow imp (D:4)
  An ufetubus (D:5)
  2 worms
  3 dart slugs
  8 orcs
  3 endoplasms
  A giant cockroach (D:4)
  9 goblins
  13 hobgoblins
  2 jackals (D:2)
  2 quokkas
  5 ball pythons
  4 bats
  4 frilled lizards
  4 kobolds
  6 rats
81 creatures vanquished.

Notes
Turn   | Place    | Note
-------+----------+-------------------------------------------
     0 | D:1      | issech the Troll Monk began the quest for the Orb.
     0 | D:1      | Reached XP level 1. HP: 22/22 MP: 0/0
   206 | D:1      | Reached XP level 2. HP: 29/29 MP: 1/1
   609 | D:2      | Reached skill level 3 in Maces & Flails
   609 | D:2      | Reached XP level 3. HP: 30/36 MP: 2/2
   624 | D:2      | Noticed a black bear
   694 | D:2      | Found Venodoeq's Distillery.
  1402 | D:2      | Reached skill level 1 in Short Blades
  1402 | D:2      | Reached skill level 1 in Long Blades
  1402 | D:2      | Reached skill level 1 in Axes
  1402 | D:2      | Reached skill level 1 in Polearms
  1402 | D:2      | Reached skill level 1 in Staves
  1402 | D:2      | Reached skill level 1 in Bows
  1402 | D:2      | Reached skill level 1 in Throwing
  1402 | D:2      | Reached skill level 1 in Armour
  1402 | D:2      | Reached skill level 1 in Shields
  1402 | D:2      | Reached skill level 1 in Unarmed Combat
  1402 | D:2      | Reached skill level 1 in Spellcasting
  1402 | D:2      | Reached skill level 1 in Conjurations
  1402 | D:2      | Reached skill level 1 in Summonings
  1402 | D:2      | Reached skill level 1 in Necromancy
  1402 | D:2      | Reached skill level 1 in Translocations
  1402 | D:2      | Reached skill level 1 in Transmutations
  1402 | D:2      | Reached skill level 1 in Fire Magic
  1402 | D:2      | Reached skill level 1 in Ice Magic
  1402 | D:2      | Reached skill level 1 in Earth Magic
  1402 | D:2      | Reached skill level 1 in Poison Magic
  1402 | D:2      | Reached skill level 1 in Invocations
  1402 | D:2      | Reached skill level 1 in Evocations
  1402 | D:2      | Reached XP level 4. HP: 45/45 MP: 2/4
  1408 | D:2      | Killed a black bear
  1409 | D:2      | Reached XP level 5. HP: 29/53 MP: 2/5
  1571 | D:3      | Found a radiant altar of Vehumet.
  1724 | D:3      | Reached skill level 4 in Maces & Flails
  1940 | D:3      | Found a sparkling altar of Nemelex Xobeh.
  2233 | D:3      | Reached XP level 6. HP: 61/61 MP: 6/6
  2301 | D:4      | Found a white marble altar of Elyvilon.
  2624 | D:4      | Found Inudiummi's Magic Scroll Emporium.
  2626 | D:4      | Found Ozufuh Ydd's Book Shoppe.
  2629 | D:4      | Found Ecimabyby's Weapon Emporium.
  3138 | D:4      | Found a shimmering blue altar of Sif Muna.
  3571 | D:4      | Bought a scroll of identify for 26 gold pieces
  3572 | D:4      | Bought a scroll of identify for 26 gold pieces
  3572 | D:4      | Bought a scroll of identify for 26 gold pieces
  3594 | D:5      | Entered Level 5 of the Dungeon
  3915 | D:5      | Reached XP level 7. HP: 50/68 MP: 7/7
  3946 | D:5      | HP: 3/68 [acid (6)]
  4083 | D:5      | Slain by a black bear

Illustrated notes

Levels and vault maps discovered:
D:1:      dpeg_arrival_more_subterranean_lakeside_camping, layout_rooms
D:2:      wad_river_or_something, layout_basic, serial_shops, nicolae_shop_stone
D:3:      layout_basic, lemuel_round_altar, nemelex_spade_bored_becter
D:4:      layout_cave_pods, lemuel_crystal_altar, led_sif_pool,
          nicolae_wooded_promenade, kennysheep_another_room,
          hangedman_decor_riveting, hangedman_abyss_or_decor_stagger,
          kennysheep_cross_bottleneck
D:5:      layout_basic

Skill      XL: |  1  2  3  4  5 |
---------------+----------------+-----
Maces & Flails | 3 4 |  4.7
Fighting       | 3 |  3.8
Short Blades   | 1 |  1.1
Long Blades    | 1 |  1.3
Axes           | 1 |  1.1
Polearms       | 1 |  1.9
Staves         | 1 |  1.1
Bows           | 1 |  1.4
Throwing       | 1 |  1.2
Armour         | 1 |  1.1
Dodging        | 3 |  3.6
Shields        | 1 |  1.1
Unarmed Combat | 1 |  1.3
Spellcasting   | 1 |  1.1
Conjurations   | 1 |  1.0
Summonings     | 1 |  1.0
Necromancy     | 1 |  1.1
Translocations | 1 |  1.0
Transmutations | 1 |  1.0
Fire Magic     | 1 |  1.0
Ice Magic      | 1 |  1.0
Earth Magic    | 1 |  1.2
Poison Magic   | 1 |  1.2
Invocations    | 1 |  1.2
Evocations     | 1 |  1.0
Slings         | |  0.8
Crossbows      | |  0.8
Stealth        | |  1.6
Hexes          | |  0.8
Air Magic      | |  0.8

Action                   |  1- 3 |  4- 6 |  7- 9 || total
-------------------------+-------+-------+-------++-------
Melee: Mace              |   118 |   174 |    41 ||   333
       Punch             |     1 |     3 |     4 ||     8
  Use: Potion            |     1 |       |       ||     1
       Scroll            |       |     8 |       ||     8
 Stab: Sleeping          |     2 |     1 |       ||     3
Armor: Robe              |    51 |    47 |    24 ||   122
Dodge: Dodged            |    82 |   133 |    45 ||   260
